 Dungeon Crawl Stone Soup version 0.28.0-49-g6dfe1f597d (webtiles) character file.

Game seed: 3710897047261631285

45 GigaChad the Shield-Bearer (level 3, -2/33 HPs)
             Began as a Minotaur Fighter on May 11, 2022.
             Slain by a rime drake (6 damage)
             ... created by the adversity of Qazlal
             ... on level 2 of the Dungeon.
             The game lasted 00:03:05 (1971 turns).

GigaChad the Shield-Bearer (Minotaur Fighter)       Turns: 1971, Time: 00:03:06

Health: -2/33      AC:  7    Str: 20    XL:     3   Next: 42%
Magic:  2/2        EV:  9    Int:  5    God:
Gold:   39         SH:  4    Dex: 11    Spells: 2/2 levels left

rFire   . . .      SeeInvis .   a - +0 long sword
rCold   . . .      Faith    .   c - +0 buckler
rNeg    . . .      Spirit   .   b - +0 scale mail
rPois   .          Reflect  .   (helmet restricted)
rElec   .          Harm     .   (no cloak)
rCorr   .          Rampage  .   (no gloves)
Will    .....                   (no boots)
Stlth   ..........              (no amulet)
HPRegen 0.11/turn               (no ring)
MPRegen 0.08/turn               (no ring)

@: no status effects
A: horns 2, retaliatory headbutt
a: no special abilities


You were on level 2 of the Dungeon.
You visited 1 branch of the dungeon, and saw 2 of its levels.

You collected 39 gold pieces.

Inventory:

Hand Weapons
 a - a +0 long sword (weapon)
Armour
 b - a +0 scale mail (worn)
 c - a +0 buckler (worn)
Scrolls
 e - a scroll of torment {unknown}
 h - a scroll of magic mapping {unknown}
 i - a scroll of immolation {unknown}
Potions
 d - a potion of might
 f - a potion of degeneration {unknown}
 g - a potion of haste {unknown}
 j - 2 potions of curing {unknown}
 k - a potion of flight {unknown}
 l - a potion of lignification {unknown}


   Skills:
 + Level 4.0 Fighting
 + Level 3.0 Long Blades
 + Level 4.2 Armour
 + Level 0.1 Dodging
 + Level 4.2 Shields


You had 2 spell levels left.
You didn't know any spells.
Your spell library was empty.

Dungeon Overview and Level Annotations

Branches:
Dungeon (2/15)

Altars:
Qazlal


Innate Abilities, Weirdness & Mutations

You have a pair of horns on your head.
You reflexively headbutt those who attack you in melee.


Message History

A rime drake comes into view.
A rime drake is nearby!
A rime drake is nearby!
The rime drake bites you.
You closely miss the rime drake. The rime drake barely misses you.
You closely miss the rime drake. The rime drake breathes ice at you.
The flash freeze misses you. You block the rime drake's attack.
You barely miss the rime drake. Your headbutt misses the rime drake.
The rime drake barely misses you.
You barely miss the rime drake. You headbutt the rime drake.
The rime drake is lightly wounded.
The rime drake barely misses you. The rime drake bites you.
You slash the rime drake! You headbutt the rime drake.
The rime drake is heavily wounded.
The rime drake breathes ice at you. The flash freeze hits you!!
Ouch! That really hurt!
* * * LOW HITPOINT WARNING * * *
You are encased in ice.
You barely miss the rime drake.
The rime drake is heavily wounded.
The rime drake barely misses you. x2
You barely miss the rime drake. You headbutt the rime drake.
The rime drake is severely wounded.
The ice encasing you melts away. The rime drake breathes ice at you.
You block the flash freeze.
You barely miss the rime drake.
The rime drake is severely wounded.
The rime drake bites you but does no damage.
The rime drake bites you.
* * * LOW HITPOINT WARNING * * *
You completely miss the rime drake. Your headbutt misses the rime drake.
The rime drake is severely wounded.
The rime drake barely misses you.
You barely miss the rime drake. Your headbutt misses the rime drake.
The rime drake is severely wounded.
The rime drake bites you.
You die...

#......#..........#......### #
######.#..........#........###.
#..#........##>.......#...
##.#........########......
#...........# ####...#.
##...>......# #........
#..........## #........
#......k....## #......#.
#......@.....# #........
##........##..##.....##.
##........##........# .
########...###.....##.
##..#####..... #.# #.......
#(###...###. #.....### ##
##...†####..


You could see a rime drake (catching breath).

Vanquished Creatures
  A dart slug (D:2)
  3 endoplasms (D:1)
  3 giant cockroaches (D:1)
  3 goblins
  4 hobgoblins
  4 quokkas
  2 ball pythons (D:1)
  3 bats (D:1)
  6 frilled lizards
  9 kobolds (D:1)
  2 rats
40 creatures vanquished.

Vanquished Creatures (others)
  13 plants (D:1)
13 creatures vanquished.

Grand Total: 53 creatures vanquished

Notes
Turn   | Place    | Note
-------+----------+-------------------------------------------
     0 | D:1      | GigaChad the Minotaur Fighter began the quest for the Orb.
     0 | D:1      | Reached XP level 1. HP: 19/19 MP: 0/0
   446 | D:1      | Reached XP level 2. HP: 27/27 MP: 1/1
   475 | D:1      | Found a faded altar of an unknown god.
   500 | D:1      | Prayed at the altar of an unknown god.
   500 | D:1      | Became a worshipper of Qazlal Stormbringer
   500 | D:1      | Reached * piety under Qazlal
   514 | D:1      | Fell from the grace of Qazlal
  1284 | D:1      | Reached XP level 3. HP: 31/33 MP: 2/2
  1960 | D:2      | Noticed a rime drake
  1971 | D:2      | Slain by a rime drake

Illustrated notes

Levels and vault maps discovered:
D:1:      doesnt_arrival_eight_statues, layout_basic,
          shapermc_ecumenical_altar_starsandcircs, lexackson_kobold_supper
D:2:      layout_rooms, st_stairs_9, uniq_crazy_yiuf_cottage

Skill      XL: |  1  2  3 |
---------------+----------+-----
Shields        | 4 |  4.2
Fighting       | 4 |  4.0
Armour         | 4 |  4.2
Long Blades    | 3 |  3.0
Dodging        | |  0.1

Action                   || total
-------------------------++-------
Melee: Long sword        ||    99
       Headbutt          ||    15
Invok: Renounce Religion ||     1
Armor: Scale mail        ||    55
Dodge: Dodged            ||    54
Block: Buckler           ||    38
